 Dungeon Crawl Stone Soup version 0.15-a0-861-g2f358d9 (webtiles) character file.

39 4tharraofdagon the Changer (level 3, 0/31 HPs)
             Began as a Naga Transmuter on May 16, 2014.
             Slain by an adder (3 damage)
             ... on Level 2 of the Dungeon.
             The game lasted 00:02:33 (287 turns).

4tharraofdagon the Changer (Naga Transmuter)         Turns: 287, Time: 00:02:33

HP   0/31        AC  2     Str 12      XL: 3   Next: 47%
MP   3/6         EV 19     Int 18      God:
Gold 66          SH  0     Dex 17      Spells:  2 memorised,  2 levels left

rFire  . . .     SeeInvis +       - Unarmed
rCold  . . .     Clarity  .     c - melded +0 robe
rNeg   . . .     Conserve .     (shield currently unavailable)
rPois  x         rCorr    .     (helmet currently unavailable)
rElec  .         rRot     .     (cloak currently unavailable)
SustAb .         Spirit   .     (gloves currently unavailable)
rMut   .         Warding  .     (no barding)
Gourm  .         Stasis   .     (no amulet)
MR     .....                    (no ring)
                                (no ring)

@: spider-form, brilliant, quick, not resistant to hostile enchantments,
unstealthy
A: spit poison, see invisible, (deformed body), (poison resistance), (slowness
0), AC +1
a: Spit Poison, End Transformation


You were on level 2 of the Dungeon.
You were not hungry.
You were in spider-form.
You visited 1 branch of the dungeon, and saw 2 of its levels.

You collected 66 gold pieces.

Inventory:

Missiles
 b - 12 arrows
Armour
 c - a +0 robe (melded)
Comestibles
 a - a bread ration
Scrolls
 e - 2 scrolls of enchant weapon I {unknown}
 g - a scroll of noise {unknown}
 i - a scroll of blinking {unknown}
 j - a scroll of remove curse {unknown}
Books
 d - a book of Changes

   Spells                             Type                      Level
   *Beastly Appendage                 Transmutation                1
   Sticks to Snakes                   Transmutation                2
   *Spider Form                       Transmutation/Poison         3
   Ice Form                           Ice/Transmutation            4
   Blade Hands                        Transmutation                5


   Skills:
 - Level 1.0 Fighting
 + Level 1.7 Dodging
 + Level 0.9 Stealth
 * Level 3.0 Unarmed Combat
 + Level 2.0 Spellcasting
 + Level 3.5 Transmutations


You had 2 spell levels left.
You knew the following spells:

 Your Spells              Type           Power        Failure   Level  Hunger
a - Beastly Appendage     Trmt           ####..       1%          1    #......
b - Spider Form           Trmt/Pois      ###.......   7%          3    ####...


Dungeon Overview and Level Annotations

Branches:
Dungeon (2/15)

Altars:


Innate Abilities, Weirdness & Mutations

You cannot wear boots.
You can spit poison.
((Your serpentine skin is tough (AC +1).))*
You have supernaturally acute eyesight.
((Armour fits poorly on your strangely shaped body.))*
((Your system is resistant to poisons.))*
((You cover ground very slowly.))*


Message History

You have got your breath back.
Drink which item? (? for menu, Esc to quit)
Okay, then.
Drink which item? (? for menu, Esc to quit)
It has a very clean taste.
It was a potion of cure mutation.
Drink which item? (? for menu, Esc to quit)
You feel clever all of a sudden.
It was a potion of brilliance.
You feel sick.
You are no longer poisoned.
Unknown command.
Your horns disappear.
An adder comes into view.
The adder bites you.
* * * LOW HITPOINT WARNING * * *
You see here a lumpy inky potion.
Casting: Beastly Appendage
Confirm with . or Enter, or press ? or * to list all spells.
You turn into a venomous arachnid creature.
Your +0 robe melds into your body.
The adder bites you.
You die...

##### # #...# .# ###...##.#
#........# # # ##>........
.#. #.........# #.# .#
#.##..S##.# #.# .#
#.##..s##.###.# ..#
#.###.##...##.# ..# #.#
#.##...##.####..# #.#
#...............###
#.###.......>.........#
#######............###.#.##..
.............##...### #.# ..
#######.######...# #.# # #..
....## #.#


You could see an adder.

Vanquished Creatures
  3 adders (D:2)
  2 bats (D:2)
  2 hobgoblins (D:1)
  2 giant cockroaches
  A giant newt (D:1)
  4 goblins
  2 rats (D:1)
16 creatures vanquished.

Notes
Turn   | Place    | Note
--------------------------------------------------------------
     0 | D:1      | 4tharraofdagon, the Naga Transmuter, began the quest for the Orb.
     0 | D:1      | Reached XP level 1. HP: 18/18 MP: 3/3
   119 | D:2      | Reached XP level 2. HP: 16/25 MP: 2/4
   195 | D:2      | Reached XP level 3. HP: 23/31 MP: 6/6
   200 | D:2      | Learned a level 3 spell: Spider Form
   287 | D:2      | Slain by an adder

Action                   || total
-------------------------++-------
Melee: Unarmed           ||    37
 Cast: Beastly Appendage ||     4
       Spider Form       ||     1
 Abil: Spit Poison       ||     8
  Use: Potion            ||     3

Vault maps used:
D:1:      scummos_arrival_simple_fountains
D:2:      zin_academy, uniq_iyjb
